 Dungeon Crawl Stone Soup version 0.23.1 (webtiles) character file.

Game seed: 14987345791791842910

246 Norn the Poker (level 6, 0/47 HPs)
             Began as a Merfolk Skald on Mar 12, 2019.
             Was an Initiate of Ashenzari.
             Slain by a scorpion (6 damage)
             ... on level 3 of the Dungeon.
             The game lasted 00:06:10 (3019 turns).

Norn the Poker (Merfolk Skald)                      Turns: 3019, Time: 00:06:10

Health: 0/47       AC:  4    Str: 11    XL:     6   Next: 11%
Magic:  5/9        EV: 13    Int: 14    God:    Ashenzari [......]
Gold:   126        SH:  2    Dex: 14    Spells: 3/9 levels left

rFire    . . .     SeeInvis .   a - +0 spear
rCold    . . .     Gourm    .   (no shield)
rNeg     . . .     Faith    .   b - +0 leather armour
rPois    .         Spirit   .   c - +0 helmet
rElec    .         Reflect  +   (no cloak)
rCorr    .         Harm     .   (no gloves)
MR       .....                  (no boots)
Stlth    +.........             d - +2 amulet of reflection
HPRegen  0.15/turn              (no ring)
MPRegen  0.11/turn              (no ring)

@: lethally poisoned (0 -> -1)
A: change form in water, swift swim, stealthy swim
a: Curse Item, Renounce Religion


You were on level 3 of the Dungeon.
You worshipped Ashenzari.
Ashenzari was noncommittal.
You were not hungry.

You visited 1 branch of the dungeon, and saw 4 of its levels.

You collected 126 gold pieces.

Inventory:

Hand Weapons
 a - a +0 spear (weapon)
Armour
 b - a +0 leather armour (worn)
 c - a +0 helmet (worn)
   (You found it on level 1 of the Dungeon)
Jewellery
 d - a +2 amulet of reflection (around neck)
   (You found it on level 2 of the Dungeon)
Scrolls
 f - 3 scrolls of fog {unknown}
 g - 2 scrolls of enchant armour {unknown}
 h - a scroll of amnesia {unknown}
 i - a scroll of enchant weapon {unknown}
 n - a scroll of noise {unknown}
 o - a scroll of blinking {unknown}
 q - a scroll of identify {unknown}
 s - a scroll of remove curse {@r2}
 t - a scroll of immolation {unknown}
Potions
 j - a potion of might {unknown}
 k - a potion of heal wounds {unknown}
 l - a potion of degeneration {unknown}
 m - a potion of mutation {unknown}
 r - a potion of curing {unknown}
Comestibles
 e - 4 rations {!d}
 p - 5 chunks of flesh


   Skills:
 + Level 3.5 Fighting
 * Level 6.1 Polearms
 - Level 0.6 Armour
 + Level 4.3 Dodging
 - Level 2.0 Spellcasting
 + Level 1.8 Hexes
 - Level 3.6 Charms


You had 3 spell levels left.
You knew the following spells:

 Your Spells              Type           Power        Failure   Level  Hunger
a - Infusion              Chrm           ##..         7%          1    ##.....
q - Shroud of Golubria    Chrm/Tloc      #.........   22%         2    ###....
t - Spectral Weapon       Hex/Chrm       #.......     30%         3    ####...

Your spell library contained the following spells:

 Spells                   Type           Power        Failure   Level  Hunger
 Song of Slaying          Chrm           ##......     11%         2    ###....
 Slow                     Hex            #.......     22%         2    ###....
 Magic Dart               Conj           #...         30%         1    ##.....
 Regeneration             Chrm/Necr      #.........   41%         3    ####...
 Blink                    Tloc           N/A          43%         2    ###....
 Call Imp                 Summ           #.......     43%         2    ###....
 Conjure Flame            Conj/Fire      #.......     67%         3    ####...
 Mephitic Cloud           Conj/Pois/Air  #.......     67%         3    ####...


Dungeon Overview and Level Annotations

Branches:
Dungeon (4/15)
 Temple: D:4-7

Altars:
Ashenzari
Gozag
Hepliaklqana
Kikubaaqudgha
Makhleb
Vehumet
Wu Jian
Xom
Yredelemnul


Message History

The jackal bites you but does no damage.
You closely miss the phantom.
Your spectral weapon hits the phantom from afar.
The jackal misses your spectral weapon. The phantom barely misses you.
The scorpion stings you!
* * * LOW HITPOINT WARNING * * *
The jackal completely misses you. The jackal bites your spectral weapon.
Your spectral weapon shares its damage with you!
* * * LOW HITPOINT WARNING * * *
You feel sick. The jackal closely misses you.
The scorpion stings you but does no damage.
The phantom blinks!
You climb upwards.
Your spectral weapon fades away.
You feel sick.
There is a stone staircase leading down here.
The scorpion barely misses you. The jackal bites you.
* * * LOW HITPOINT WARNING * * *
You feel sick. The scorpion stings you.
* * * LOW HITPOINT WARNING * * *
The jackal barely misses you.
You feel sick.
You draw out your weapon's spirit!
The jackal misses you.
The jackal bites you but does no damage.
You are too injured to fight recklessly!
You barely miss the jackal.
Your spectral weapon barely misses the jackal.
You block the jackal's attack.
You barely miss the jackal.
You feel sick.
Your spectral weapon misses the jackal.
The jackal bites you but does no damage.
You hit the jackal but do no damage.
Your spectral weapon hits the jackal but does no damage.
The jackal bites you.
* * * LOW HITPOINT WARNING * * *
You hit the jackal.
Your spectral weapon closely misses the jackal.
The jackal misses you.
You hit the jackal.
You kill the jackal!
You closely miss the scorpion.
Your spectral weapon hits the scorpion from afar.
The scorpion stings you.
* * * LOW HITPOINT WARNING * * *
You hit the scorpion but do no damage.
You feel sick.
Your spectral weapon hits the scorpion from afar.
You hit the scorpion.
Your spectral weapon barely misses the scorpion.
The scorpion stings you.
You die...

#.......................
#######.###.............
#.##..............
#.##..............
#.##..............
#.##..............
#.##..............
#(##......<.......
#@###.............
####s####.....#.#####
#......##.......#####
#....)....#####.##...
#......#### #.##.##
#..>...# #.##.#.
#......# #......
######## #####.. #..


You could see a scorpion and a friendly spectral +0 spear.

Vanquished Creatures
  An orc wizard (D:3)
  Natasha (thrice) (D:2)
  Terence (D:2)
  5 adders
  A worm (D:3)
  2 dart slugs
  2 leopard geckos
  6 orcs (D:3)
  A ball python (D:1)
  5 giant cockroaches
  7 goblins
  6 hobgoblins
  2 jackals
  10 bats
  5 frilled lizards
  A kobold (D:2)
  12 rats
70 creatures vanquished.

Vanquished Creatures (others)
  A spectral weapon (D:2)
1 creature vanquished.

Grand Total: 71 creatures vanquished

Notes
Turn   | Place    | Note
-------+----------+-------------------------------------------
     0 | D:1      | Norn the Merfolk Skald began the quest for the Orb.
     0 | D:1      | Reached XP level 1. HP: 16/16 MP: 3/3
    86 | D:1      | Reached XP level 2. HP: 21/23 MP: 5/5
    90 | D:1      | Learned a level 2 spell: Shroud of Golubria
   724 | D:1      | Reached XP level 3. HP: 22/28 MP: 6/6
  1012 | D:1      | Reached skill level 4 in Polearms
  1248 | D:2      | Noticed Terence
  1256 | D:1      | Learned a level 3 spell: Spectral Weapon
  1327 | D:2      | Found a hazy altar of Hepliaklqana.
  1351 | D:2      | Reached XP level 4. HP: 25/34 MP: 0/7
  1365 | D:2      | Found an ornate altar of the Wu Jian Council.
  1366 | D:2      | Found a shimmering altar of Xom.
  1441 | D:2      | Found a basalt altar of Yredelemnul.
  1460 | D:2      | Found an opulent altar of Gozag.
  1597 | D:2      | Noticed Natasha
  1603 | D:2      | Killed Natasha
  1678 | D:2      | Killed Terence
  1678 | D:2      | Reached skill level 5 in Polearms
  1678 | D:2      | Reached skill level 1 in Hexes
  1855 | D:2      | Reached XP level 5. HP: 41/41 MP: 5/8
  1876 | D:2      | Noticed Natasha
  1896 | D:2      | Killed Natasha
  2097 | D:2      | Found a radiant altar of Vehumet.
  2229 | D:2      | Noticed Natasha
  2245 | D:2      | Killed Natasha
  2491 | D:3      | Found a burning altar of Makhleb.
  2519 | D:3      | Found a shattered altar of Ashenzari.
  2583 | D:3      | Became a worshipper of Ashenzari the Shackled
  2814 | D:3      | Reached skill level 6 in Polearms
  2814 | D:3      | Reached XP level 6. HP: 44/47 MP: 6/9
  2943 | D:3      | Found an ancient bone altar of Kikubaaqudgha.
  2994 | D:4      | Noticed a phantom
  3019 | D:3      | Slain by a scorpion

Skill      XL: |  1  2  3  4  5 |
---------------+----------------+-----
Dodging        | 3 4 |  4.3
Polearms       | 4 5 6 |  6.1
Fighting       | 3 |  3.5
Hexes          | 1 |  1.8
Armour         | |  0.6
Spellcasting   | |  2.0
Charms         | |  3.6

Action                   |  1- 3 |  4- 6 || total
-------------------------+-------+-------++-------
Melee: Spear             |   108 |   158 ||   266
 Cast: Infusion          |     5 |     5 ||    10
       Shroud of Golubri |     3 |       ||     3
       Spectral Weapon   |       |     7 ||     7
 Stab: Sleeping          |     5 |     1 ||     6
  Eat: Chunk             |     2 |     7 ||     9
Armor: Leather armour    |    20 |    27 ||    47
Dodge: Dodged            |    52 |    66 ||   118
Block: Other             |       |     3 ||     3
